 Dungeon Crawl Stone Soup version 0.28.0-53-g5a82cb258f (webtiles) character file.

Game seed: 1633056533484124549

32731 DildoBatman the Geomancer (level 14, -11/101 HPs)
             Began as a Formicid Conjurer on July 17, 2022.
             Was an Initiate of Gozag.
             Mangled by an enormous slime creature (71 damage)
             ... on level 13 of the Dungeon.
             The game lasted 01:06:16 (16455 turns).

DildoBatman the Geomancer (Formicid Conjurer)      Turns: 16455, Time: 01:06:16

Health: -11/101    AC: 19    Str: 13      XL:     14   Next: 4%
Magic:  5/27       EV: 13    Int: 16 (18) God:    Gozag
Gold:   1556       SH:  0    Dex: 19      Spells: 14/31 levels left

rFire   + . .      SeeInvis +   b - +2 falchion (vamp)
rCold   . . .      Faith    .   s - +0 kite shield
rNeg    . . .      Spirit   .   o - +4 troll leather armour
rPois   .          Reflect  .   (helmet unavailable)
rElec   .          Harm     .   J - +2 cloak
rCorr   .          Rampage  .   t - +0 pair of gloves
Will    +....                   F - +0 pair of boots
Stlth   +.........              r - amulet of regeneration
HPRegen 1.86/turn               P - +6 ring of dexterity
MPRegen 0.20/turn               l - +4 ring of protection

@: confused, studying Short Blades
A: permanent stasis, dig shafts and tunnels, antennae 3, four strong arms, claws
1, fire resistance 1, MP-powered wands
a: Dig, Shaft Self, Renounce Religion, Potion Petition, Call Merchant, Bribe
Branch


You were on level 13 of the Dungeon.
You worshipped Gozag.
Gozag was most pleased with you.
You visited 3 branches of the dungeon, and saw 17 of its levels.
You also visited: Sewer and Bailey.

You collected 2113 gold pieces.
You spent 165 gold pieces at shops.
You paid 392 gold pieces to Gozag.

Inventory:

Hand Weapons
 a - a +2 dagger of venom
 b - a +2 vampiric falchion (weapon)
 S - a +0 hunting sling
Missiles
 f - 383 arrows
 p - 110 bolts
 D - 65 sling bullets
 M - 3 throwing nets (quivered)
 U - 6 silver javelins
Armour
 o - a +4 troll leather armour (worn)
 s - a +0 kite shield (worn)
 t - a +0 pair of gloves (worn)
 F - a +0 pair of boots (worn)
 J - a +2 cloak (worn)
 R - a +3 leather armour of willpower
Magical Staves
 v - a staff of fire
 w - a staff of air
Jewellery
 l - a +4 ring of protection (right hand)
 r - an amulet of regeneration (around neck)
 x - a ring of poison resistance
 O - a ring of ice
 P - a +6 ring of dexterity (left hand)
Wands
 i - a wand of iceblast (12)
Scrolls
 d - a scroll of brand weapon {unknown}
 e - a scroll of acquirement {unknown}
 j - 3 scrolls of noise {unknown}
 k - a scroll of holy word {unknown}
 m - 2 scrolls of enchant armour
 y - a scroll of torment {unknown}
 z - 5 scrolls of identify
 C - 2 scrolls of magic mapping
 G - 2 scrolls of amnesia
 H - 5 scrolls of vulnerability {unknown}
 I - 3 scrolls of immolation
 K - a scroll of fog {unknown}
 N - a scroll of fear {unknown}
 Z - a scroll of enchant weapon {unknown}
Potions
 c - 2 potions of heal wounds {unknown}
 g - a potion of mutation
 h - a potion of resistance {unknown}
 q - 4 potions of brilliance
 u - 2 potions of ambrosia
 A - a potion of curing {unknown}
 B - a potion of might
 Q - 3 potions of invisibility
 T - a potion of attraction {unknown}
 V - a potion of degeneration {unknown}
 Y - a potion of flight {unknown}


   Skills:
 * Level 6.6 Fighting
 - Level 3.0 Short Blades
 * Level 7.4 Armour
 * Level 5.4 Dodging
 - Level 2.4 Stealth
 - Level 9.0 Shields
 * Level 9.0 Spellcasting
 - Level 6.0 Conjurations
 - Level 12.0 Necromancy
 * Level 12.8 Earth Magic


You had 14 spell levels left.
You knew the following spells:

 Your Spells              Type           Power      Damage    Failure   Level
a - Borgnjor's Vile Clut  Necr/Erth      23%        N/A       4%          5
b - Stone Arrow           Conj/Erth      74%        3d11      1%          3
c - Searing Ray           Conj           52%        2d6       3%          2
d - Vampiric Draining     Necr           45%        2d9       1%          3
h - Dispel Undead         Necr           45%        3d17      1%          4

Your spell library contained the following spells:

 Spells                   Type           Power      Damage    Failure   Level
 Animate Skeleton         Necr           90%        N/A       1%          1
 Magic Dart               Conj           100%       1d8       1%          1
 Pain                     Necr           100%       1d9       1%          1
 Animate Dead             Necr           22%        N/A       1%          4
 Lee's Rapid Deconstruct  Erth           24%        3d14*     3%          5
 Agony                    Necr           45%        N/A       4%          5
 Excruciating Wounds      Necr           22%        N/A       4%          5
 Static Discharge         Conj/Air       16%        N/A       11%         2
 Leda's Liquefaction      Hex/Erth       13%        N/A       17%         4
 Dazzling Flash           Conj/Hex       32%        N/A       21%         3
 Apportation              Tloc           14%        N/A       24%         1
 Beastly Appendage        Tmut           14%        N/A       24%         1
 Wereblood                Tmut           7%         N/A       34%         2
 Inner Flame              Hex/Fire       7%         N/A       56%         3
 Spider Form              Tmut/Pois      7%         N/A       56%         3
 Fulminant Prism          Conj/Hex       8%         3d7       56%         4
 Iskenderun's Mystic Bla  Conj/Tloc      16%        2d5       56%         4
 Sticky Flame             Conj/Fire      16%        2d4       56%         4
 Lightning Bolt           Conj/Air       8%         1d20      88%         5
 Cause Fear               Hex            3%         N/A       93%         4
 Passage of Golubria      Tloc           7%         N/A       93%         4
 Statue Form              Tmut/Erth      18%        N/A       95%         6
 Simulacrum               Ice/Necr       13%        N/A       97%         6
 Alistair's Intoxication  Tmut/Pois      4%         N/A       100%        5
 Silence                  Hex/Air        3%         N/A       100%        5
 Haunt                    Necr/Summ      13%        N/A       100%        7
 Borgnjor's Revivificati  Necr           22%        N/A       100%        8
 Discord                  Hex            3%         N/A       100%        8
 Infestation              Necr           22%        N/A       100%        8
 Lehudib's Crystal Spear  Conj/Erth      18%        10d6      100%        8
 Maxwell's Capacitive Co  Air            3%         ∞         100%        8
 Necromutation            Tmut/Necr      13%        N/A       100%        8
 Chain Lightning          Conj/Air       8%         3d10      100%        9
 Death's Door             Necr           22%        N/A       100%        9


Dungeon Overview and Level Annotations

Branches:
Dungeon (14/15)            Temple (1/1) D:4            Lair (0/6) D:9
    Orc (2/2) D:11            Elf (0/3) Orc:2        Vaults (0/5) D:13
  Sewer (visited)          Bailey (visited)

Altars:
Ashenzari
Cheibriados
Dithmenos
Elyvilon
Fedhas
Gozag
Hepliaklqana
Kikubaaqudgha
Makhleb
Nemelex Xobeh
Okawaru
Qazlal
Ru
Sif Muna
Trog
Uskayaw
Vehumet
Wu Jian
Xom
Yredelemnul
Zin
The Shining One

Shops:
D:4 [   D:12 =   Orc:1 (   Orc:2 **(:

Annotations:
D:14 exclusion: 3 hell hounds


Innate Abilities, Weirdness & Mutations

You cannot be hasted, slowed, berserked, paralysed or teleported.
You can dig through walls and to a lower floor.
You have a pair of large antennae on your head. (SInv)
Your four strong arms can wield two-handed weapons with a shield.
You have sharp fingernails.
Your flesh is heat resistant. (rF+)
You expend magic power (3 MP) to strengthen your wands.


Message History

Aiming: Stone Arrow (safe; 1% risk of failure)
Press: ? - help, Shift-Dir - straight line, f/p - very large slime creature
Aim: a very large slime creature (moderately wounded, 95% to hit)
The stone arrow hits the very large slime creature!!
The very large slime creature is heavily wounded.
The slime creature quivers.
You block the slime creature's attack.
You block the very large slime creature's attack.
You slash the slime creature!
The slime creature is severely wounded.
The slime creature misses you.
You block the very large slime creature's attack.
You hear Kikubaaqudgha cackling.
You are engulfed in negative energy!
You feel dopey.
The dead are walking!
The divine experience confuses you!
You are confused.
An ogre zombie and a boulder beetle zombie come into view.
You are too confused!
You bump into the rock wall.
The slime creature misses you.
The very large slime creature misses you.
Two slime creatures merge to form an enormous slime creature.
Okay, then.
You hit the slime creature.
You feel better.
The slime creature is almost dead.
The slime creature hits you but does no damage.
The enormous slime creature hits you!! The slime creature barely misses you.
The boulder beetle zombie closely misses you.
You hit the slime creature.
You feel better.
The slime creature is almost dead.
The slime creature barely misses you. The enormous slime creature hits you!!!
Ouch! That really hurt!
You die...
Your body crumbles into a pile of gold.

#..................# #....#
#..................# #....#
#..................# #....#
#......#######.....# #.####
#......#.....###...######.#
+......#.......#..........#
#......#☼......#Z....)....#
.......##......#Z#####....#
........'......#@#...#....#
........########JJ...#....#
...............ZZ#...#....#
................#############
........Z.#'###.#[#[#.#.#[#[#
........{{#...#.#'#'#'#'#'#'#
..........#...#)'...........#
.....Z....#...#.[..........∩#
.........##...#'')..........#


You could see an enormous slime creature, a slime creature, a boulder beetle
zombie, an ogre zombie, an eight-headed hydra skeleton and an ogre mage
skeleton.

Vanquished Creatures
  Snorg (D:14)
  An ettin (Orc:1)
  2 boulder beetles
  3 hydras
  3 vault guards (D:13)
  2 centaur warriors (D:14)
  2 two-headed ogres (D:10)
  4 orc high priests (Orc:2)
  An orc knight (Orc:1)
  2 orc sorcerers
  A cyclops (D:10)
  2 ugly things (D:12)
  3 manticores
  The ghost of veljko94 the Skirmisher, a novice MiFi of Gozag (D:5)
  A kobold demonologist (D:12)
  2 komodo dragons
  A hydra zombie (D:14)
  7 trolls
  A hornet (D:9)
  3 slime creatures (D:12)
  A blink frog (shapeshifter) (D:13)
  A hydra skeleton (D:13)
  2 vampires
  8 yaks
  A wyvern (D:9)
  Eustachio (D:6)
  A steam dragon (D:7)
  11 vampire mosquitoes
  8 humans (D:13)
  Grum (Bailey)
  A warg (Orc:2)
  An acid dragon (D:11)
  3 water moccasins
  A meliai simulacrum (D:14)
  An ice beast (D:6)
  A sky beast (D:8)
  2 black bears
  22 orc warriors
  A necrophage (D:6)
  A manticore zombie (D:13)
  9 ogres
  7 wolves (Bailey)
  6 centaurs
  3 elf skeletons
  A manticore skeleton (D:13)
  A phantom (D:6)
  2 kobold brigands
  2 bullfrogs
  A wyvern zombie (D:9)
  11 gnoll sergeants
  3 scorpions
  A yaktaur skeleton (D:13)
  11 killer bees
  7 wights
  8 howler monkeys
  A bullfrog zombie (D:13)
  An electric eel (D:7)
  A troll skeleton (Orc:2)
  3 centaur zombies
  A basilisk zombie (D:12)
  6 hounds
  2 jellies (D:6)
  6 gnoll shamans
  33 orc priests
  2 iguanas
  34 orc wizards
  A black bear skeleton (D:14)
  A hell rat (Sewer)
  A killer bee zombie (D:14)
  An acid dragon zombie (D:13)
  4 ogre skeletons
  2 hound skeletons
  3 howler monkey zombies
  5 adders
  35 gnolls
  A gnoll zombie (D:12)
  A river rat (Sewer)
  A white imp (D:6)
  An ufetubus (D:4)
  An adder zombie (D:14)
  2 adder skeletons
  2 orc skeletons
  4 worms
  8 dart slugs
  73 orcs
  4 bats
  11 endoplasms
  7 giant cockroaches
  6 hobgoblins
  9 jackals
  8 quokkas
  6 ball pythons
  A ball python skeleton (D:13)
  A ball python zombie (D:13)
  3 frilled lizards
  7 goblins
  10 kobolds
  A kobold zombie (D:14)
  2 orc zombies
  A quokka skeleton (D:14)
  9 rats
  A rat skeleton (D:13)
509 creatures vanquished.

Vanquished Creatures (others)
  A vault guard (D:13)
  3 plants (D:9)
4 creatures vanquished.

Grand Total: 513 creatures vanquished

Notes
Turn   | Place    | Note
-------+----------+-------------------------------------------
     0 | D:1      | DildoBatman the Formicid Conjurer began the quest for the
                  | Orb.
     0 | D:1      | Reached XP level 1. HP: 13/13 MP: 3/3
   128 | D:1      | Reached XP level 2. HP: 20/20 MP: 1/5
   131 | D:1      | Learned a level 2 spell: Searing Ray
   196 | D:1      | HP: 1/20 [frozen (5)]
   331 | D:1      | Reached skill level 1 in Armour
   404 | D:1      | Reached skill level 1 in Fighting
   404 | D:1      | Reached XP level 3. HP: 14/26 MP: 1/6
   493 | D:1      | You fall into a shaft and drop 1 floor!
   653 | D:1      | Found a faded altar of an unknown god.
   766 | D:1      | Reached XP level 4. HP: 32/32 MP: 5/8
  1572 | D:3      | Found a glowing drain.
  1589 | D:3      | Reached skill level 1 in Shields
  1609 | Sewer    | Entered a sewer
  1618 | Sewer    | Reached XP level 5. HP: 34/38 MP: 7/9
  2480 | D:3      | Reached XP level 6. HP: 45/45 MP: 6/10
  2661 | D:4      | Noticed an ogre
  2668 | D:4      | Killed an ogre
  2721 | D:3      | Reached XP level 7. HP: 52/52 MP: 5/12
  2826 | D:4      | Found Xud Kos's Antique Armour Emporium.
  2915 | D:4      | Found a staircase to the Ecumenical Temple.
  2924 | Temple   | Entered the Ecumenical Temple
  3478 | Temple   | Became a worshipper of Kikubaaqudgha
  3639 | D:4      | Reached skill level 5 in Conjurations
  3967 | D:4      | Reached XP level 8. HP: 58/58 MP: 15/15
  4198 | D:5      | Entered Level 5 of the Dungeon
  4219 | D:5      | Found a runed translucent gate.
  4219 | D:5      | Found a runed translucent gate.
  4219 | D:5      | Found a runed translucent gate.
  4221 | D:5      | Found an opulent altar of Gozag.
  4222 | D:5      | Noticed veljko94's ghost (novice MiFi)
  4242 | D:5      | Reached skill level 1 in Short Blades
  4245 | D:5      | Reached skill level 5 in Spellcasting
  4741 | D:5      | Found a white marble altar of Elyvilon.
  5032 | D:6      | Noticed Eustachio
  5045 | D:6      | Killed Eustachio
  5045 | D:6      | Reached * piety under Kikubaaqudgha
  5045 | D:6      | Received a gift from Kikubaaqudgha
  5051 | D:6      | Learned a level 3 spell: Vampiric Draining
  5084 | D:6      | Reached XP level 9. HP: 38/65 MP: 13/19
  5150 | D:6      | Reached skill level 1 in Necromancy
  5778 | D:6      | Reached skill level 5 in Fighting
  6134 | D:7      | Reached skill level 5 in Armour
  6255 | D:7      | Reached ** piety under Kikubaaqudgha
  6523 | D:7      | Reached XP level 10. HP: 65/74 MP: 16/20
  6786 | D:7      | Reached skill level 5 in Necromancy
  7603 | D:8      | Reached *** piety under Kikubaaqudgha
  7603 | D:8      | Received a gift from Kikubaaqudgha
  7671 | D:8      | Learned a level 5 spell: Borgnjor's Vile Clutch
  7926 | D:8      | Reached skill level 1 in Earth Magic
  8186 | D:8      | Learned a level 4 spell: Dispel Undead
  8282 | D:5      | Killed veljko94's ghost
  8779 | D:9      | Reached XP level 11. HP: 69/79 MP: 19/21
  8875 | D:9      | Reached skill level 5 in Earth Magic
  9035 | D:9      | Reached **** piety under Kikubaaqudgha
  9199 | D:9      | Found a staircase to the Lair.
  9356 | D:10     | Entered Level 10 of the Dungeon
  9398 | D:10     | Noticed a two-headed ogre
  9398 | D:10     | Noticed a two-headed ogre
  9415 | D:10     | Killed a two-headed ogre
  9431 | D:10     | Killed a two-headed ogre
  9476 | D:10     | Found a flagged portal.
  9606 | D:10     | Got the Tome of Floating Clay
  9611 | D:10     | Learned a level 3 spell: Stone Arrow
  9691 | Bailey   | Entered a bailey
  9958 | Bailey   | Reached ***** piety under Kikubaaqudgha
 10049 | Bailey   | Noticed Grum
 10064 | Bailey   | Killed Grum
 10198 | Bailey   | Reached skill level 5 in Shields
 10786 | D:10     | Noticed a cyclops
 10793 | D:10     | Killed a cyclops
 11081 | D:11     | Found a faded altar of an unknown god.
 11138 | D:11     | Reached XP level 12. HP: 86/86 MP: 7/22
 11170 | D:11     | Found a staircase to the Orcish Mines.
 11441 | D:11     | Noticed a five-headed hydra
 11447 | D:11     | Killed a five-headed hydra
 11828 | D:11     | Gained mutation: You have sharp fingernails. [potion of
                  | mutation]
 11828 | D:11     | Gained mutation: Your flesh is heat resistant. (rF+)
                  | [potion of mutation]
 11828 | D:11     | Gained mutation: You expend magic power (3 MP) to
                  | strengthen your wands. [potion of mutation]
 11832 | Orc:1    | Entered Level 1 of the Orcish Mines
 11977 | Orc:1    | Found Famobab's Weapon Shoppe.
 12120 | Orc:1    | Noticed an ettin
 12157 | Orc:1    | Killed an ettin
 12158 | Orc:1    | Reached skill level 10 in Earth Magic
 12358 | Orc:2    | Entered Level 2 of the Orcish Mines
 12383 | Orc:2    | Noticed a boulder beetle
 12390 | Orc:2    | Reached skill level 10 in Necromancy
 12390 | Orc:2    | HP: 2/86 [boulder beetle (42)]
 12694 | Orc:1    | Reached ****** piety under Kikubaaqudgha
 12719 | Orc:1    | Received a gift from Kikubaaqudgha
 12727 | Orc:1    | Fell from the grace of Kikubaaqudgha
 12887 | D:5      | Became a worshipper of Gozag Ym Sagoz the Greedy
 13104 | Orc:1    | Killed a boulder beetle
 13263 | Orc:2    | Noticed an orc high priest
 13267 | Orc:2    | Noticed a sixfirhy
 13392 | Orc:2    | Noticed an orc high priest
 13512 | Orc:2    | Killed an orc high priest
 13523 | Orc:2    | Noticed a soul eater
 13527 | Orc:2    | Killed an orc high priest
 13528 | Orc:2    | Reached XP level 13. HP: 61/89 MP: 9/25
 13617 | Orc:2    | Found Licriel's Assorted Antiques.
 13617 | Orc:2    | Found Meluiro's General Store.
 13618 | Orc:2    | Found Gekos's Book Shoppe.
 13625 | Orc:2    | Found Myasitwu's Weapon Shoppe.
 13679 | Orc:2    | Bought a scroll labelled GYEVUS MIYN FAXO for 29 gold
                  | pieces
 13682 | Orc:2    | Bought a scroll of identify for 34 gold pieces
 13682 | Orc:2    | Bought a scroll of identify for 34 gold pieces
 13682 | Orc:2    | Bought a scroll of identify for 34 gold pieces
 13682 | Orc:2    | Bought a scroll of identify for 34 gold pieces
 14016 | Orc:2    | Found a staircase to the Elven Halls.
 14424 | D:12     | Noticed a seven-headed hydra
 14437 | D:12     | Killed a seven-headed hydra
 14580 | D:12     | Noticed a boulder beetle
 14649 | D:12     | Killed a boulder beetle
 14721 | D:12     | Identified the +1 chain mail of the Aged Emperors {rPois
                  | rF+ Dex+2}
 14824 | D:12     | Found Toudeedaur's Jewellery Shoppe.
 14956 | D:13     | Killed a vault guard
 14986 | D:13     | Noticed a vault guard
 15008 | D:13     | Killed a vault guard
 15025 | D:13     | Noticed a vault guard
 15040 | D:13     | Killed a vault guard
 15058 | D:13     | Noticed a vault guard
 15072 | D:13     | Killed a vault guard
 15132 | D:13     | Reached skill level 5 in Dodging
 15297 | D:13     | Noticed a five-headed hydra
 15315 | D:13     | Killed a five-headed hydra
 15883 | D:13     | Found a gate to the Vaults.
 16032 | D:14     | Noticed a centaur warrior
 16048 | D:14     | Killed a centaur warrior
 16064 | D:14     | Noticed Snorg
 16077 | D:14     | Killed Snorg
 16078 | D:14     | Reached XP level 14. HP: 74/101 MP: 11/26
 16455 | D:13     | Mangled by an enormous slime creature

Illustrated notes

Levels and vault maps discovered:
D:1:      dpeg_arrival_rhombus, layout_basic,
          dreamdust_ecumenical_altar_angels_and_demons
D:2:      layout_loops_ring
D:3:      layout_loops_corners, gup_sewer_entry_pipe, nrook_loot_triangle,
          grunt_ministairs_11, bh_walls_and_bars
D:4:      layout_loops_ring, minmay_temple_entry_water_ring, serial_shops,
          nicolae_shop_hallway_plus, minmay_manual_maat
D:5:      layout_loops_ring, general_overflow_altar, ebering_ghost_gozag
D:6:      layout_rooms, uniq_eustachio
D:7:      minmay_skewed_foursquare, layout_loops_cross, serial_aquarium,
          aquarium_bridge_square [aquarium_subvault_wall,
          aquarium_subvault_window, aquarium_subvault_bridge,
          aquarium_subvault_wall], aquarium_bridge_island_small
          [aquarium_subvault_small_water, aquarium_subvault_wall,
          aquarium_subvault_bridge, aquarium_subvault_wall,
          aquarium_subvault_bridge], aquarium_window_corridor_3,
          aquarium_window_fake, aquarium_window_2, aquarium_view_2c
D:8:      layout_loops_ring, hex_large
D:9:      layout_big_octagon, david_lair_shrubbed, kennysheep_nondescript,
          minmay_quadrilaterals
D:10:     layout_loops_cross, enter_bailey_3
D:11:     layout_irregular_city, david_orc_2, serial_column_ruins,
          column_ruins_temple_hut, column_ruins_grid_5, column_ruins_grid_1,
          column_ruins_open_tiny, column_ruins_corridor_dead_end,
          column_ruins_open_tiny, column_ruins_open_tiny
D:12:     layout_rooms, serial_shops, nicolae_shop_advertising_works
          [nicolae_subvault_shop_adworks]
D:13:     layout_irregular_city, ximxim_vaults_locker_room
D:14:     layout_long_grid, nicolae_two_hexagons, grunt_ministairs_6,
          nicolae_benzene_ring, uniq_snorg, uniq_azrael, uniq_kirke,
          uniq_roxanne
Temple:   mainiacjoe_temple_starburst
Orc:1:    layout_diamond_mine, serial_shops, shop
Orc:2:    st_orc_mages, layout_caves, rock_pile

Skill      XL: |  1  2  3  4  5  6  7  8  9 10 11 12 13 14 |
---------------+-------------------------------------------+-----
Dodging        | 2 4 5 |  5.4
Armour         | 1 2 3 5 6 7 |  7.4
Fighting       | 1 2 3 5 6 |  6.6
Conjurations   | 4 5 6 |  6.0
Shields        | 1 2 3 8 9 |  9.0
Spellcasting   | 3 4 7 8 9 |  9.0
Short Blades   | 3 |  3.0
Necromancy     | 4 8 9 10 12 | 12.0
Earth Magic    | 4 9 11 12 | 12.8
Stealth        | |  2.4

Action                   |  1- 3 |  4- 6 |  7- 9 | 10-12 | 13-15 || total
-------------------------+-------+-------+-------+-------+-------++-------
Melee: Club              |    11 |       |       |       |       ||    11
       Dagger            |    10 |    52 |   170 |   602 |   289 ||  1123
       Quarterstaff      |     3 |    30 |       |       |       ||    33
       Punch             |     1 |     1 |       |       |       ||     2
       Falchion          |       |       |       |       |    67 ||    67
       Dire flail        |       |       |       |       |     3 ||     3
 Fire: Hunting sling     |       |    31 |    90 |    41 |       ||   162
 Cast: Magic Dart        |    24 |     7 |     7 |       |       ||    38
       Searing Ray       |     7 |    20 |    27 |    26 |       ||    80
       Vampiric Draining |       |       |     6 |    14 |     9 ||    29
       Dispel Undead     |       |       |       |    10 |    10 ||    20
       Borgnjor's Vile C |       |       |       |    68 |    46 ||   114
       Stone Arrow       |       |       |       |       |    10 ||    10
Invok: Receive Forbidden |       |       |       |     1 |       ||     1
       Renounce Religion |       |       |       |     1 |       ||     1
 Abil: Dig               |       |       |       |     3 |     1 ||     4
Evoke: Wand              |       |       |       |     1 |       ||     1
  Use: Scroll            |       |     2 |     1 |    16 |       ||    19
       Potion            |       |       |       |     1 |       ||     1
 Stab: Sleeping          |       |     3 |     2 |     7 |     1 ||    13
       Distracted        |       |       |       |     2 |     2 ||     4
Armor: Robe              |     4 |    16 |    27 |       |       ||    47
       Steam dragon scal |       |       |     3 |   110 |       ||   113
       Leather armour    |       |       |       |    42 |       ||    42
       Troll leather arm |       |       |       |    96 |   167 ||   263
Dodge: Dodged            |    29 |    78 |   144 |   401 |   210 ||   862
Block: Buckler           |       |     5 |    36 |    87 |       ||   128
       Kite shield       |       |       |       |   215 |   278 ||   493
